 Dungeon Crawl Stone Soup version 0.18-a0-1044-g2bb894f (webtiles) character file.

144 Kristof the Digger (level 5, -1/28 HPs)
             Began as a Gargoyle Earth Elementalist on Jan 11, 2016.
             Slain by Kristof's ghost (9 damage)
             ... on level 4 of the Dungeon.
             The game lasted 00:14:08 (3508 turns).

Kristof the Digger (Gargoyle Earth Elementalist)    Turns: 3508, Time: 00:14:08

Health: -1/28      AC:  7    Str: 11    XL:     5   Next: 26%
Magic:  4/10       EV:  7    Int: 17    God:
Gold:   74         SH:  0    Dex: 10    Spells: 3 memorised, 5 levels left

rFire  . . .     SeeInvis .     t - +0 dagger (flame)
rCold  . . .     Gourm    .     a - +0 robe
rNeg   + . .     Faith    .     (no shield)
rPois  ∞         Spirit   .     (no helmet)
rElec  +         Dismiss  .     (no cloak)
rCorr  .         Reflect  .     (no gloves)
SustAt .         Harm     .     p - +0 pair of boots
MR     .....                    (no amulet)
Stlth  ++........               (no ring)
                                (no ring)

@: not resistant to hostile enchantments, unstealthy
A: negative energy resistance 1, electricity resistance, unbreathing,
petrification resistance, rot immunity, AC +4
a: no special abilities


You were on level 4 of the Dungeon.
You were hungry.

You visited 1 branch of the dungeon, and saw 4 of its levels.

You collected 74 gold pieces.

Inventory:

Hand Weapons
 e - a +1 short sword
 q - a +0 spear
 s - a +0 whip
 t - a +0 dagger of flaming (weapon)
Missiles
 b - 8 stones (quivered)
Armour
 a - a +0 robe (worn)
 p - a +0 pair of boots (worn)
Scrolls
 f - 2 scrolls of teleportation
 g - 2 scrolls of magic mapping
 n - a scroll of identify
 u - a scroll of immolation {unknown}
Potions
 h - a potion of agility {unknown}
 i - 2 potions of heal wounds
 j - a potion of mutation {unknown}
 k - a potion of might {unknown}
 m - 2 potions of haste
 o - a potion of lignification {unknown}
 r - a potion of poison {unknown}
Books
 c - a book of Geomancy

   Spells                             Type                      Level
   a - Sandblast                      Earth                        1
   b - Stoneskin                      Transmutation/Earth          2
   c - Passwall                       Transmutation/Earth          3
   d - Stone Arrow                    Conjuration/Earth            3
   e - Petrify                        Transmutation/Earth          4
   f - Lee's Rapid Deconstruction     Earth                        5
Comestibles
 d - 6 bread rations
 l - 7 fruits
 v - 4 chunks of flesh


   Skills:
 - Level 1.5 Dodging
 - Level 2.1 Stealth
 * Level 3.6 Spellcasting
 + Level 2.1 Conjurations
 - Level 0.7 Transmutations
 + Level 4.8 Earth Magic


You had 5 spell levels left.
You knew the following spells:

 Your Spells              Type           Power        Failure   Level  Hunger
a - Sandblast             Erth           ###...       2%          1    None
b - Stoneskin             Trmt/Erth      ##......     10%         2    ##.....
c - Stone Arrow           Conj/Erth      ###...       14%         3    ###....


Dungeon Overview and Level Annotations

Branches:
Dungeon (4/15)
 Temple: D:4-7

Altars:
Gozag
Makhleb
Xom
Yredelemnul

Annotations:
D:4 Kristof's ghost, amateur MiFi


Innate Abilities, Weirdness & Mutations

You are resistant to torment.
Your stone body is resilient (AC +4).
You are immune to poison.
You resist negative energy.
You are resistant to electric shocks.
You can survive without breathing.
You are immune to petrification.
You are immune to rotting.


Message History

Press: ? - help, Shift-Dir - straight line, f - Kristof's ghost
Aim: Kristof's ghost The stone arrow hits Kristof's ghost.
Kristof's ghost is moderately damaged.
You are feeling hungry.
Kristof's ghost hits you.
The giant gecko skeleton bites you but does no damage.
Casting: Stone Arrow
Confirm with . or Enter, or press ? or * to list all spells.
Aiming: Stone Arrow
Press: ? - help, Shift-Dir - straight line, f/p - Kristof's ghost
Aim: Kristof's ghost (moderately damaged)
The stone arrow hits Kristof's ghost.
Kristof's ghost is heavily damaged.
Kristof's ghost hits you.
* * * LOW HITPOINT WARNING * * *
The giant gecko skeleton closely misses you.
Unknown command.
Kristof's ghost hits you!
You die...

#. ..#.. #.
#....# #.####$_..
#.... ... ...#
#.#
#.#####.###.##
#......<.....##
#######)#....W###
#......Z@.#
#........#.#
#........# .#
#.#.....## .#
#.##....# ..
#.###.##.# .# ...
..# #.# # #.##.##
.# #. #


You could see Kristof's ghost and a giant gecko skeleton.

Vanquished Creatures
  5 adders
  An ooze (D:2)
  4 worms
  6 giant geckos
  2 orcs
  2 giant cockroaches
  9 hobgoblins
  A quokka (D:3)
  9 bats
  4 giant newts
  9 goblins
  17 kobolds
  7 rats
76 creatures vanquished.

Notes
Turn   | Place    | Note
--------------------------------------------------------------
     0 | D:1      | Kristof the Gargoyle Earth Elementalist began the quest for the Orb.
     0 | D:1      | Reached XP level 1. HP: 10/10 MP: 3/3
   138 | D:1      | Reached skill level 4 in Earth Magic
   255 | D:1      | Reached XP level 2. HP: 15/15 MP: 3/5
   571 | D:1      | Learned a level 2 spell: Stoneskin
  1395 | D:2      | Reached XP level 3. HP: 19/19 MP: 4/6
  1413 | D:1      | Learned a level 3 spell: Stone Arrow
  1731 | D:2      | Found an opulent altar of Gozag.
  1737 | D:2      | Found a shimmering altar of Xom.
  2110 | D:2      | Reached skill level 1 in Conjurations
  2110 | D:2      | Reached XP level 4. HP: 24/24 MP: 6/8
  2713 | D:3      | Reached XP level 5. HP: 28/28 MP: 7/10
  2807 | D:3      | Found a basalt altar of Yredelemnul.
  3481 | D:4      | Found a burning altar of Makhleb.
  3482 | D:4      | Noticed Kristof's ghost (amateur MiFi)
  3508 | D:4      | Slain by Kristof's ghost

Vault maps used:
D:1:      erik_arrival_cave_to_civilisation
D:2:      minitemple, first_bread
D:3:      nicolae_overflow_crystal_walls, hex_medium
D:4:      bloody_makhleb, uniq_eustachio, uniq_grinder, uniq_sigmund,
          uniq_edmund

Action                   |  1- 3 |  4- 6 || total
-------------------------+-------+-------++-------
Melee: Short sword       |     3 |       ||     3
       Dagger            |       |    50 ||    50
 Cast: Sandblast         |    61 |    51 ||   112
       Stone Arrow       |       |     2 ||     2
  Use: Scroll            |     5 |     2 ||     7
 Stab: Sleeping          |       |     1 ||     1
  Eat: Chunk             |     4 |     4 ||     8
